 Dungeon Crawl Stone Soup version 0.24.0-125-gc4c63601f3 (webtiles) character file.

Game seed: 17308029992608438651, levelgen mode: deterministic

43082 Amplified the Protected (level 13, 0/104 HPs)
             Began as a Demonspawn Monk on Mar 6, 2020.
             Was the Champion of Makhleb.
             Slain by a basilisk (13 damage)
             ... on level 2 of the Lair of Beasts.
             The game lasted 00:28:42 (18211 turns).

Amplified the Protected (Demonspawn Monk)          Turns: 18211, Time: 00:28:43

Health: 0/104      AC: 20    Str: 15    XL:     13   Next: 88%
Magic:  13/13      EV: 14    Int: 11    God:    Makhleb [******]
Gold:   591        SH:  8    Dex: 21    Spells: 12/12 levels left

rFire    + . .     SeeInvis +   u - +3 broad axe (elec)
rCold    + . .     Gourm    .   g - +0 buckler (curse)
rNeg     . . .     Faith    .   e - +3 ring mail {rPois}
rPois    +         Spirit   .   (helmet unavailable)
rElec    .         Reflect  .   I - +0 cloak
rCorr    +         Harm     .   (no gloves)
MR       .....                  y - +2 pair of boots
Stlth    ++........             (no amulet)
HPRegen  0.27/turn              n - +3 ring of dexterity
MPRegen  0.13/turn              G - ring of resist corrosion

@: no status effects
A: antennae 3, icy blue scales 2, cold resistance 1, fire resistance 1, shaggy
fur 1, rot immunity
a: Minor Destruction, Lesser Servant of Makhleb, Major Destruction, Greater
Servant of Makhleb, Renounce Religion


You were on level 2 of the Lair of Beasts.
You worshipped Makhleb.
Makhleb was exalted by your worship.
You were hungry.

You visited 3 branches of the dungeon, and saw 15 of its levels.
You also visited: Bailey and Ice Cave.

You collected 911 gold pieces.
You spent 320 gold pieces at shops.

Inventory:

Hand Weapons
 r - a +0 flail of freezing
 u - a +3 broad axe of electrocution (weapon)
 J - a +6 longbow of freezing
Missiles
 i - 43 poisoned darts
 x - an atropa-tipped dart (quivered)
Armour
 e - a +3 ring mail of poison resistance (worn)
 f - a +0 plate armour of fire resistance
 g - a cursed +0 buckler (worn)
 w - a +2 chain mail of fire resistance
 y - a +2 pair of boots (worn)
 I - a +0 cloak (worn)
Jewellery
 n - a +3 ring of dexterity (left hand)
 p - an uncursed ring of protection from cold
 q - an uncursed ring of wizardry
 C - an uncursed ring of fire
 G - a ring of resist corrosion (right hand)
 K - an uncursed ring of protection from fire
Wands
 l - a wand of polymorph (16)
 F - a wand of flame (42)
Scrolls
 j - 8 scrolls of remove curse
 m - 6 scrolls of amnesia
 v - 2 scrolls of vulnerability
 z - a scroll of blinking
 D - 2 scrolls of teleportation
 H - a scroll of acquirement
 L - 3 scrolls of identify
 M - a scroll of fear
Potions
 a - a potion of agility
 b - 3 potions of heal wounds
 d - 3 potions of cancellation
 h - 8 potions of curing
 k - 4 potions of brilliance
 o - 2 potions of might
 t - 2 potions of magic
 A - 4 potions of flight
 B - 6 potions of mutation
 E - a potion of ambrosia
Comestibles
 c - 23 rations


   Skills:
 * Level 10.5 Fighting
 * Level 11.5(12.1) Axes
 - Level 6.5(9.9) Maces & Flails
 - Level 12.7 Armour
 - Level 4.1 Dodging
 - Level 1.7 Stealth
 * Level 11.9 Shields


You had 12 spell levels left.
You didn't know any spells.
Your spell library contained the following spells:

 Spells                   Type           Power        Failure   Level  Hunger
 Magic Dart               Conj           #...         50%         1    ##.....
 Searing Ray              Conj           #.....       65%         2    ###....
 Shroud of Golubria       Chrm/Tloc      #.....       65%         2    ###....
 Dazzling Spray           Conj/Hex       #.....       86%         3    ####...
 Lesser Beckoning         Tloc           #.........   86%         3    ####...
 Force Lance              Conj/Tloc      #.......     99%         4    #####..
 Fulminant Prism          Conj/Hex       #.........   99%         4    #####..
 Ice Form                 Ice/Tmut       #.......     99%         4    #####..
 Iskenderun's Mystic Bla  Conj           #.......     99%         4    #####..
 Passage of Golubria      Tloc           N/A          99%         4    #####..
 Fireball                 Conj/Fire      #.........   100%        5    ######.
 Metabolic Englaciation   Hex/Ice        #.........   100%        5    ######.
 Bolt of Cold             Conj/Ice       #.........   100%        6    #######
 Freezing Cloud           Conj/Ice/Air   #.........   100%        6    #######
 Ozocubu's Refrigeration  Ice            #.........   100%        6    #######
 Simulacrum               Ice/Necr       #.........   100%        6    #######


Dungeon Overview and Level Annotations

Branches:
Dungeon (12/15)            Temple (1/1) D:6            Lair (2/6) D:9
    Orc (0/2) D:9          Bailey (visited)           IceCv (visited)
  Swamp: Lair:2-4    Shoals: Lair:2-4     Snake: Lair:2-4    Spider: Lair:2-4

Altars:
Ashenzari
Cheibriados
Dithmenos
Elyvilon
Fedhas
Gozag
Hepliaklqana
Kikubaaqudgha
Makhleb
Nemelex Xobeh
Okawaru
Qazlal
Ru
Sif Muna
Trog
Uskayaw
Vehumet
Wu Jian
Xom
Yredelemnul
Zin
The Shining One

Shops:
D:6 *   D:7 !   D:11 [

Annotations:
D:4 exclusion: upstairs
D:5 1 transporter
D:6 No kill like an overkill. End-game-god for Demonspawn, Menkaure
Lair:1 3 runed translucent doors, hitsuchi's ghost, novice DrFi


Innate Abilities, Weirdness & Mutations

You have a pair of large antennae on your head. (SInv)
You are mostly covered in icy blue scales. (AC +3)
Your flesh is cold resistant. (rC+)
You are immune to rotting.
Your flesh is heat resistant. (rF+)
You are covered in fur. (AC +1)


Message History

You miss the basilisk.
The basilisk is moderately wounded.
You slash the komodo dragon! You closely miss the blink frog.
The blink frog hits you but does no damage.
You block the komodo dragon's attack. You block the basilisk's attack.
The blink frog blinks!
Unknown command.
You slash the basilisk!
The basilisk is severely wounded.
You closely miss the komodo dragon. The komodo dragon bites you!
The blink frog blinks!
The basilisk bites you!
Unknown command.
You hit the basilisk.
The basilisk is almost dead.
You hit the komodo dragon but do no damage.
Lightning courses through the komodo dragon!
The komodo dragon bites you!!
* * * LOW HITPOINT WARNING * * *
The basilisk bites you!
You die...

#..<..## { { ##.....## {
###.. ##.....#### .#..
#......##... ...#
#......#.... ...
##.....##...###..a #..
#.......###§.#.. #..#
##.......###.†§## ..##
#........#..†l@# ....#
#......(..##.†l###...#
............###†.#..#
P..........!.<##††.# ..
..............†#'†{#....
.......................
......................
....^.........F......
..............(......


You could see a komodo dragon and a basilisk.

Vanquished Creatures
  A frost giant (IceCv)
  A hydra (D:8)
  A centaur warrior (D:8)
  A queen ant (Lair:2)
  A two-headed ogre (D:8)
  An unseen horror (D:12)
  2 wolf spiders (Lair:2)
  An ugly thing (D:12)
  A black mamba (Lair:1)
  Psyche (D:12)
  An ice statue (IceCv)
  3 spiny frogs (Lair:1)
  5 rime drakes
  3 komodo dragons
  5 trolls
  17 polar bears (IceCv)
  2 dream sheep (D:8)
  12 blink frogs
  3 hippogriffs
  2 wyverns
  2 basilisks
  29 yaks
  3 hungry ghosts
  4 vampire mosquitoes (D:12)
  An acid dragon (D:12)
  Edmund (D:6)
  7 soldier ants (Lair:2)
  3 porcupines (Lair:1)
  2 ice beasts
  2 black bears
  11 orc warriors
  A sky beast (D:6)
  An eye of draining (D:12)
  5 ogres
  2 necrophages
  19 wolves (IceCv)
  13 centaurs
  6 crocodiles
  16 big kobolds
  3 bullfrogs
  6 gnoll sergeants (D:9)
  2 scorpions
  21 killer bees
  8 wights
  An electric eel (D:10)
  4 howler monkeys
  2 jellies
  6 crimson imps
  8 orc priests
  6 hounds
  2 bullfrog skeletons
  4 centaur skeletons
  16 orc wizards
  3 iguanas
  Ijyb (D:3)
  39 worker ants
  A killer bee zombie (D:9)
  A hound zombie (D:11)
  A hound skeleton (D:5)
  A howler monkey zombie (D:11)
  A howler monkey skeleton (D:6)
  22 gnolls
  15 adders
  A shadow imp (D:4)
  An adder skeleton (D:4)
  3 adder zombies
  4 worms
  3 dart slugs
  8 leopard geckos
  73 orcs
  7 bats
  5 giant cockroaches
  10 goblins
  19 hobgoblins
  A jackal (D:4)
  10 quokkas
  2 ball pythons
  A frilled lizard (D:3)
  A jackal skeleton (D:7)
  62 kobolds
  2 leopard gecko zombies
  A quokka skeleton (D:9)
  5 rats
585 creatures vanquished.

Vanquished Creatures (others)
  2 kobolds (D:6)
  3 fungi (Lair:2)
  4 plants
9 creatures vanquished.

Grand Total: 594 creatures vanquished

Notes
Turn   | Place    | Note
-------+----------+-------------------------------------------
     0 | D:1      | Amplified the Demonspawn Monk began the quest for the Orb.
     0 | D:1      | Reached XP level 1. HP: 18/18 MP: 1/1
   642 | D:1      | Gained mutation: You are partially covered in icy blue
                  | scales. (AC +2) [demonic ancestry]
   642 | D:1      | Reached XP level 2. HP: 24/24 MP: 2/2
  1428 | D:2      | Gained mutation: You have a pair of small antennae on your
                  | head. [demonic ancestry]
  1428 | D:2      | Reached XP level 3. HP: 17/29 MP: 3/3
  1785 | D:2      | Reached XP level 4. HP: 28/37 MP: 4/4
  2731 | D:2      | Gained mutation: Your flesh is heat resistant. (rF+)
                  | [potion of mutation]
  2731 | D:2      | Gained mutation: You are covered in fur. (AC +1) [potion of
                  | mutation]
  2741 | D:2      | Reached XP level 5. HP: 24/42 MP: 5/5
  3228 | D:3      | You fall into a shaft and drop 1 floor!
  3506 | D:3      | Noticed an ogre
  3508 | D:3      | Noticed Ijyb
  3874 | D:4      | Reached XP level 6. HP: 41/50 MP: 6/6
  3892 | D:4      | Reached skill level 5 in Fighting
  4073 | D:5      | Entered Level 5 of the Dungeon
  4633 | D:5      | Reached skill level 5 in Maces & Flails
  4633 | D:5      | Gained mutation: Your flesh is cold resistant. (rC+)
                  | [demonic ancestry]
  4633 | D:5      | Reached XP level 7. HP: 56/56 MP: 7/7
  4957 | D:5      | Found a sparkling altar of Nemelex Xobeh.
  4957 | D:5      | Found a transporter.
  5193 | D:5      | Reached skill level 1 in Armour
  5659 | D:4      | Reached skill level 2 in Armour
  5866 | D:3      | Killed Ijyb
  6025 | D:3      | Reached skill level 1 in Shields
  6341 | D:6      | Reached skill level 3 in Armour
  6380 | D:6      | Reached XP level 8. HP: 59/64 MP: 8/8
  6424 | D:6      | Reached skill level 4 in Armour
  6771 | D:6      | Found Ujoiriq's Assorted Antiques.
  6772 | D:6      | Found a staircase to the Ecumenical Temple.
  6829 | D:6      | Reached skill level 5 in Armour
  6884 | D:6      | Bought a scroll labeled TEMYOG UHAFUDD for 30 gold pieces
  6884 | D:6      | Bought 2 scrolls labeled XAECZE QIONOISM for 60 gold pieces
  6900 | D:6      | Noticed Edmund
  6902 | Temple   | Entered the Ecumenical Temple
  7019 | D:6      | Killed Edmund
  7019 | D:6      | Reached skill level 1 in Axes
  7341 | D:7      | Reached skill level 6 in Armour
  7458 | D:7      | Found Yleohaech's Distillery.
  7468 | D:7      | Bought a potion of might for 40 gold pieces
  7468 | D:7      | Bought a potion of berserk rage for 50 gold pieces
  7468 | D:7      | Bought a potion of might for 40 gold pieces
  7468 | D:7      | Bought a potion of brilliance for 40 gold pieces
  7468 | D:7      | Bought 2 potions of flight for 60 gold pieces
  7475 | D:7      | Gained mutation: You have a pair of antennae on your head.
                  | [demonic ancestry]
  7475 | D:7      | Reached XP level 9. HP: 33/69 MP: 9/9
  7578 | D:7      | Found a flagged portal.
  7804 | D:7      | Reached skill level 7 in Armour
  7870 | Bailey   | Entered a bailey
  9409 | D:6      | Reached skill level 8 in Armour
  9417 | D:6      | Identified the Catalogue of Blistering Translocation
  9438 | D:6      | Noticed Menkaure
 10099 | D:8      | Reached skill level 9 in Armour
 10112 | D:8      | Found an opulent altar of Gozag.
 10140 | D:8      | Found a shimmering blue altar of Sif Muna.
 10186 | D:8      | Reached skill level 5 in Axes
 10186 | D:8      | Noticed a two-headed ogre
 10201 | D:8      | Killed a two-headed ogre
 10201 | D:8      | Gained mutation: You have a pair of large antennae on your
                  | head. (SInv) [demonic ancestry]
 10201 | D:8      | Reached XP level 10. HP: 34/76 MP: 10/10
 10206 | D:8      | Reached skill level 10 in Armour
 10488 | D:8      | Noticed a centaur warrior
 10495 | D:8      | Killed a centaur warrior
 10711 | D:8      | Reached skill level 11 in Armour
 10747 | D:8      | Noticed a three-headed hydra
 10751 | D:8      | Killed a three-headed hydra
 10788 | D:8      | Found an iron altar of Okawaru.
 10790 | D:8      | Found a sparkling altar of Nemelex Xobeh.
 10795 | D:8      | Found a snail-covered altar of Cheibriados.
 10796 | D:8      | Found an ornate altar of the Wu Jian Council.
 10796 | D:8      | Found a burning altar of Makhleb.
 10796 | D:8      | Found a radiant altar of Vehumet.
 10797 | D:8      | Found a glowing silver altar of Zin.
 10798 | D:8      | Found a basalt altar of Yredelemnul.
 10799 | D:8      | Found a bloodstained altar of Trog.
 10807 | D:8      | Became a worshipper of Makhleb the Destroyer
 10807 | D:8      | Reached * piety under Makhleb
 10807 | D:8      | Reached ** piety under Makhleb
 10981 | D:9      | Reached skill level 12 in Armour
 11164 | D:8      | Gained mutation: You are mostly covered in icy blue scales.
                  | (AC +3) [demonic ancestry]
 11164 | D:8      | Reached XP level 11. HP: 28/81 MP: 11/11
 11696 | D:9      | Reached *** piety under Makhleb
 11821 | D:9      | Found a staircase to the Lair.
 11877 | D:9      | Found a staircase to the Orcish Mines.
 11888 | D:9      | Reached XP level 12. HP: 88/88 MP: 12/12
 12291 | D:9      | Found a hide-covered altar of Uskayaw.
 12673 | D:10     | Entered Level 10 of the Dungeon
 13121 | D:10     | Reached **** piety under Makhleb
 13713 | D:11     | Found Ajab's Armour Shop.
 13940 | D:11     | Found a frozen archway.
 13961 | IceCv    | Entered an ice cave
 14358 | IceCv    | Reached skill level 10 in Shields
 14607 | IceCv    | Reached ***** piety under Makhleb
 14654 | IceCv    | Reached skill level 10 in Axes
 14711 | IceCv    | Noticed a frost giant
 14724 | IceCv    | Killed a frost giant
 14724 | IceCv    | Gained mutation: You are immune to rotting. [demonic
                  | ancestry]
 14724 | IceCv    | Reached XP level 13. HP: 99/99 MP: 13/13
 15813 | D:12     | Noticed Psyche
 15825 | D:12     | Killed Psyche
 17149 | Lair:1   | Entered Level 1 of the Lair of Beasts
 17363 | Lair:1   | Found a runed translucent gate.
 17363 | Lair:1   | Found a runed translucent gate.
 17363 | Lair:1   | Found a runed translucent gate.
 17363 | Lair:1   | Noticed hitsuchi's ghost (novice DrFi)
 17662 | Lair:1   | Reached ****** piety under Makhleb
 17665 | Lair:1   | Reached skill level 10 in Fighting
 18211 | Lair:2   | Slain by a basilisk

Levels and vault maps discovered:
D:1:      minmay_arrival_radiant_lines, layout_loops_corners
D:2:      layout_basic
D:3:      layout_loops_ring, uniq_ijyb
D:4:      minmay_recursive_quarters, layout_loops_ring, st_stairs_6,
          minmay_manual_mail
D:5:      layout_basic, first_ration, grunt_nemelex_the_gamble
D:6:      minmay_goblin_kobold_castle, layout_basic,
          minmay_temple_entry_statues_fountains, serial_shops, shop,
          uniq_eustachio, uniq_edmund, uniq_menkaure
D:7:      layout_cave_pools, enter_bailey_7, serial_shops,
          nicolae_shop_temple_entry_statues_fountains
D:8:      layout_rooms, kennysheep_little_box, minitemple, old_standard_altar,
          hangedman_ranch [blue_anna_fruit_fields], minmay_pinched_square
D:9:      layout_gridville, overflow_temple_1_default, david_lair_shrubbed,
          kennysheep_orc_monster_closet_entryway
D:10:     layout_basic, kennysheep_pointless_box
D:11:     layout_roguey, portal_ice_cave_rime, serial_shops,
          nicolae_shop_competitors_out_of_business
D:12:     layout_stronghold, uniq_psyche
Temple:   zaba_magenta_temple
Lair:1:   layout_chaotic_city, gammafunk_ghost_necromancy, serial_bayou_pond_d,
          grunt_megastairs_3
Lair:2:   minmay_lair_venomous_thicket, layout_layer_cave, zaba_antful_of_joy

Skill      XL: |  1  2  3  4  5  6  7  8  9 10 11 12 13 |
---------------+----------------------------------------+-----
Maces & Flails | 3 4 5 6 |  6.5
Dodging        | 3 4 |  4.1
Fighting       | 4 5 6 8 10 | 10.5
Armour         | 3 6 9 12 | 12.7
Shields        | 1 4 9 10 11 | 11.9
Axes           | 2 5 8 10 11 | 11.5
Stealth        | |  1.7

Action                   |  1- 3 |  4- 6 |  7- 9 | 10-12 | 13-15 || total
-------------------------+-------+-------+-------+-------+-------++-------
Melee: Mace              |    83 |   233 |   229 |       |       ||   545
       Broad axe         |       |       |   263 |   563 |   413 ||  1239
Throw: Dart              |     3 |     2 |    24 |     8 |       ||    37
Invok: Lesser Servant of |       |       |       |       |     1 ||     1
Evoke: Wand              |       |       |    12 |     3 |       ||    15
  Use: Scroll            |     3 |     9 |     9 |     8 |    10 ||    39
       Potion            |       |     5 |     1 |     6 |     7 ||    19
 Stab: Sleeping          |     3 |    11 |     2 |     4 |     3 ||    23
       Invisible         |     2 |       |     2 |       |       ||     4
       Distracted        |       |       |     1 |       |     1 ||     2
  Eat: Chunk             |     2 |    10 |     8 |     7 |    11 ||    38
       Ration            |       |       |     4 |     3 |     1 ||     8
Armor: Robe              |    16 |    21 |       |       |       ||    37
       Ring mail         |       |    56 |   205 |   236 |   221 ||   718
       Skin              |       |       |       |    22 |       ||    22
Dodge: Dodged            |    54 |   145 |   345 |   391 |   266 ||  1201
Block: Buckler           |       |       |   138 |   260 |   175 ||   573
